 Dungeon Crawl Stone Soup version 0.30-a0-557-ge2afbf3030 (webtiles) character file.

Game seed: 1291075457849129078

80 MineK the Shield-Bearer (level 4, 0/29 HPs)
             Began as a Gargoyle Fighter on Dec 27, 2022.
             Was a Follower of Okawaru.
             Slain by an orc wizard
             ... wielding a +0 dagger
              (1 damage)
             ... on level 3 of the Dungeon.
             The game lasted 00:17:46 (1899 turns).

MineK the Shield-Bearer (Gargoyle Fighter)          Turns: 1899, Time: 00:17:46

Health: 0/29       AC: 11    Str: 21    XL:     4   Next: 39%
Magic:  4/4        EV:  9    Int: 15    God:    Okawaru [*.....]
Gold:   18         SH:  4    Dex:  9    Spells: 3/3 levels left

rFire   . . .      SeeInvis .    a - +0 flail
rCold   . . .      Faith    .    c - +0 buckler
rNeg    + . .      Spirit   .    b - +0 scale mail
rPois   ∞          Reflect  .    (no helmet)
rElec   +          Harm     .    f - +0 cloak
rCorr   .          Rampage  .    (no gloves)
Will    .....                    (no boots) Stlth
                                 (no amulet)
HPRegen 0.24/turn                e - +4 ring of slaying
MPRegen 0.09/turn                r - +6 ring of intelligence

@: no status effects
A: sickness immunity, AC +3, negative energy resistance 1, electricity
resistance, torment resistance 1, petrification resistance
a: Renounce Religion, Heroism


You were on level 3 of the Dungeon.
You worshipped Okawaru.
Okawaru was aware of your devotion.
You visited 1 branch of the dungeon, and saw 3 of its levels.

You collected 100 gold pieces.
You spent 82 gold pieces at shops.

Inventory:

Hand Weapons
 a - a +0 flail (weapon)
Armour
 b - a +0 scale mail (worn)
 c - a +0 buckler (worn)
 f - a +0 cloak (worn)
Jewellery
 e - a +4 ring of slaying (left hand)
 r - a +6 ring of intelligence (right hand)
Scrolls
 g - 2 scrolls of teleportation {unknown}
 h - 5 scrolls of identify {unknown}
 i - 2 scrolls of vulnerability {unknown}
 j - a scroll of butterflies {unknown}
 o - a scroll of enchant weapon {unknown}
 p - a scroll of enchant armour {unknown}
 q - a scroll of blinking
 s - a scroll of amnesia {unknown}
Potions
 d - a potion of might
 k - a potion of flight {unknown}
 l - 2 potions of curing {unknown}
 m - a potion of brilliance {unknown}
 n - 2 potions of lignification {unknown}


   Skills:
 + Level 3.7 Fighting
 * Level 3.0 Maces & Flails
 + Level 3.8 Armour
 * Level 4.1 Shields


You had 3 spell levels left.
You didn't know any spells.
Your spell library contained the following spells:

 Spells                   Type           Power      Damage    Failure   Level
 Conjure Ball Lightning   Conj/Air       0%         3x3d6     100%        6
 Discord                  Hex            0%         N/A       100%        8
 Disjunction              Tloc           0%         N/A       100%        8


Dungeon Overview and Level Annotations

Branches:
Dungeon (3/15)

Altars:
Fedhas
Okawaru

Shops:
D:2 ?


Innate Abilities, Weirdness & Mutations

You are immune to sickness and miasma.
Your stone body is resilient. (AC +3)
You are immune to poison.
You resist negative energy. (rN+)
You are resistant to electric shocks. (rElec)
You are resistant to unholy torment.
You are immune to petrification.


Message History

Your Maces & Flails skill increases to level 3!
You sock the orc!
You kill the orc!
Okawaru accepts your kill.
The gnoll splashes around in the water.
An orc wizard comes into view. It is wielding a +0 dagger.
A gnoll comes into view. It is wielding a +1 spear of venom.
The gnoll shouts!
The orc wizard shouts!
The gnoll splashes around in the water.
The gnoll hits you from afar with a +0 spear.
Items here: )) [ ††.
You barely miss the gnoll. The gnoll hits you but does no damage.
The gnoll closely misses you. The gnoll barely misses you.
You hit the gnoll.
The gnoll is moderately wounded.
The gnoll hits you but does no damage. The gnoll hits you with a +0 spear.
The gnoll hits you but does no damage.
You hit the gnoll.
The gnoll is heavily wounded.
You block the gnoll's attack. The gnoll hits you but does no damage.
You hit the gnoll.
The gnoll is severely wounded.
The gnoll hits you but does no damage.
The orc wizard gestures wildly while chanting.
The orc wizard flickers and vanishes!
Deactivating autopickup; reactivate with Ctrl-A.
The gnoll completely misses you.
The gnoll hits you from afar with a +0 spear.
The gnoll barely misses you.
The gnoll hits you from afar with a +1 spear of venom.
Items here: )) [ ††.
You hit the gnoll.
The gnoll is lightly wounded.
The gnoll barely misses you. Something hits you but does no damage.
The gnoll hits you with a +0 spear.
* * * LOW HITPOINT WARNING * * *
The gnoll hits you from afar with a +1 spear of venom!
* * * LOW HITPOINT WARNING * * *
Something hits you.
You die...

...............
####......#####
#......# #......# ....
#......# .o.. #......#
g.... #......# o..
#......# ...
####@#######
#.###.g{g~.)..~##
#..#~.~og..~~..~##
#..~.~.~..~~.~~.#
#≈≈≈~~~~~~~.~~~≈≈≈≈≈
#≈≈≈≈≈~≈~≈≈≈~~~~≈≈≈≈≈#
####.~..~...~...~..###
#......~....~.....
#........+######..


You could see 3 gnolls and an orc.

Vanquished Creatures
  Terence (D:2)
  A gnoll (D:3)
  2 worms
  A dart slug (D:2)
  2 orcs (D:3)
  An endoplasm (D:3)
  5 giant cockroaches
  2 goblins (D:1)
  3 hobgoblins (D:1)
  2 jackals (D:2)
  2 kobolds
  A quokka (D:2)
  A ball python (D:2)
  5 bats
  3 frilled lizards
  3 rats
35 creatures vanquished.

Notes
Turn   | Place    | Note
-------+----------+-------------------------------------------
     0 | D:1      | MineK the Gargoyle Fighter began the quest for the Orb.
     0 | D:1      | Reached XP level 1. HP: 14/14 MP: 1/1
   409 | D:1      | Reached XP level 2. HP: 19/19 MP: 2/2
  1015 | D:2      | Noticed Terence
  1021 | D:2      | Killed Terence
  1022 | D:2      | Reached XP level 3. HP: 21/23 MP: 3/3
  1040 | D:2      | Found Lyckah's Magic Scroll Boutique.
  1055 | D:2      | Found a blossoming altar of Fedhas.
  1136 | D:2      | Found a faded altar of an unknown god.
  1144 | D:2      | Prayed at the altar of an unknown god.
  1144 | D:2      | Became a worshipper of Warmaster Okawaru
  1144 | D:2      | Reached * piety under Okawaru
  1421 | D:2      | Reached skill level 4 in Shields
  1619 | D:2      | Reached XP level 4. HP: 27/29 MP: 4/4
  1696 | D:2      | Bought a scroll of blinking for 82 gold pieces
  1899 | D:3      | HP: 1/29 [gnoll/+1 spear of venom (7)]
  1899 | D:3      | Slain by an orc wizard

Illustrated notes

Levels and vault maps discovered:
D:1:      nicolae_arrival_somewhat_less_tricky_arrival, layout_basic,
          interstate_on_off
D:2:      layout_basic, serial_shops, nicolae_shop_waterfront,
          basic_ecumenical_altar, basic_altar, roderic_serpentine_path,
          uniq_terence
D:3:      layout_basic, serial_shops, shop, serial_rivers,
          chequers_serial_rivers_marsh, chequers_serial_rivers_micro_a,
          chequers_serial_rivers_small_3, chequers_serial_rivers_small_b,
          chequers_serial_rivers_small_b, chequers_serial_rivers_micro_a

Skill      XL: |  1  2  3  4 |
---------------+-------------+-----
Shields        | 4 |  4.1
Maces & Flails | 3 |  3.0
Fighting       | |  3.7
Armour         | |  3.8

Action                   |  1- 3 |  4- 6 || total
-------------------------+-------+-------++-------
Melee: Flail             |    90 |    17 ||   107
Armor: Scale mail        |    60 |     9 ||    69
Dodge: Dodged            |    44 |     9 ||    53
Block: Buckler           |    17 |     3 ||    20

Table legend: (Time is in decaauts)
 A = Elapsed time spent in this place.
 B = Non-inter-level travel time spent in this place.
 C = Inter-level travel time spent in this place.
 D = Time resting spent in this place.
 E = Time spent auto-exploring this place.
 F = Levels seen in this place.
 G = Mean time per level.
                   A        B        C        D        E       F      G
               +--------+--------+--------+--------+--------+-----+--------+
         Total |   1931 |   1931 |      0 |      3 |   1318 |   3 |  643.7 |
       Dungeon |   1931 |   1931 |      0 |      3 |   1318 |   3 |  643.7 |
               +--------+--------+--------+--------+--------+-----+--------+

Top non-repeatable levels by time:
     D:1: 977 daAuts
     D:2: 764 daAuts
     D:3: 189 daAuts
